 Dungeon Crawl Stone Soup version 0.31.0-11-ge490571c62 (webtiles) character file.

Game seed: 14419816396695824102

6998 mopl the Summoner (level 11, -8/59 HPs)
             Began as a Tengu Summoner on Feb 7, 2024.
             Was a Believer of Sif Muna.
             Mangled by Snorg (12 damage)
             ... on level 11 of the Dungeon.
             The game lasted 00:19:24 (7843 turns).

mopl the Summoner (Tengu Summoner)                  Turns: 7843, Time: 00:19:24

Health: -8/59      AC:  7    Str:  8    XL:     11   Next: 8%
Magic:  17/34      EV: 18    Int: 19    God:    Sif Muna [**....]
Gold:   762        SH:  0    Dex: 19    Spells: 15/29 levels left

rFire   . . .        a - +0 spear
rCold   . . .        (no shield)
rNeg    . . .        l - +1 robe of Rais Redwoy {Dex+3}
rPois   +            T - +2 hat
rElec   .            v - +0 cloak {Stlth+}
rCorr   .            m - +0 pair of gloves
SInv    .            (boots unavailable)
Will    .....        t - amulet of regeneration
Stlth   +++          c - ring of poison resistance
HPRegen 1.09/turn    Q - ring of magical power
MPRegen 0.24/turn

%: acrobat
@: unable to call your familiar, flying
A: beak, talons 3, evasive flight, acrobatic
a: Renounce Religion, Channel Magic


You were on level 11 of the Dungeon.
You worshipped Sif Muna.
Sif Muna was pleased with you.
You visited 2 branches of the dungeon, and saw 12 of its levels.
You also visited: Sewer.

You collected 762 gold pieces.

Inventory:

Hand Weapons
 a - a +0 spear (weapon)
 B - a +0 trident
 G - the +7 mace of Ibloo {flame, Str+2}
   (You took it off a gnoll on level 6 of the Dungeon)

   Str+2:     It affects your strength (+2).
Missiles
 n - 2 throwing nets
 H - 8 poisoned darts
 J - 9 boomerangs
 S - 5 javelins
Armour
 l - the +1 robe of Rais Redwoy (worn) {Dex+3}
   (You found it on level 2 of the Dungeon)

   Dex+3:     It affects your dexterity (+3).
 m - a +0 pair of gloves (worn)
 v - a +0 cloak of stealth (worn)
 M - +0 swamp dragon scales
 T - a +2 hat (worn)
Jewellery
 c - a ring of poison resistance (left hand)
 h - an amulet of guardian spirit
 q - a ring of resist corrosion
 t - an amulet of regeneration (around neck)
 O - a ring of fire
 Q - a ring of magical power (right hand)
 R - an amulet of faith
Wands
 u - a wand of acid (6)
 z - a wand of iceblast (14)
 A - a wand of polymorph (3)
 K - a wand of flame (11)
 N - a wand of mindburst (12)
 V - a wand of paralysis (9)
Scrolls
 e - 7 scrolls of teleportation
 g - 9 scrolls of identify {unknown}
 j - 3 scrolls of immolation {unknown}
 k - 2 scrolls of torment {unknown}
 p - 2 scrolls of blinking {unknown}
 w - a scroll of poison {unknown}
 y - a scroll of brand weapon {unknown}
 E - a scroll of fear {unknown}
 F - a scroll of vulnerability {unknown}
 I - a scroll of silence {unknown}
 L - a scroll of enchant weapon {unknown}
 U - a scroll of summoning {unknown}
Potions
 b - 2 potions of magic
 d - 2 potions of invisibility {unknown}
 f - 3 potions of mutation {unknown}
 i - 5 potions of curing {unknown}
 o - 3 potions of cancellation {unknown}
 r - 3 potions of might {unknown}
 s - a potion of haste {unknown}
 x - 4 potions of lignification {unknown}
 C - 4 potions of enlightenment
 D - a potion of ambrosia {unknown}
 P - a potion of brilliance {unknown}


   Skills:
 + Level 2.6 Fighting
 + Level 6.4 Polearms
 + Level 2.8 Armour
 + Level 3.8 Dodging
 - Level 2.0 Stealth
 * Level 9.5 Spellcasting
 * Level 12.8 Summonings
 + Level 3.4 Invocations


You had 15 spell levels left.
You knew the following spells:

 Your Spells              Type           Power      Damage    Failure   Level
a - Summon Small Mammal   Summ           100%       N/A       1%          1
b - Call Imp              Summ           100%       N/A       1%          2
c - Call Canine Familiar  Summ           55%        N/A       1%          3
d - Summon Lightning Spi  Summ/Air       33%        N/A       5%          4
g - Summon Blazeheart Go  Fire/Summ      33%        N/A       5%          4

Your spell library contained the following spells:

 Spells                   Type           Power      Damage    Failure   Level
 Magic Dart               Conj           36%        1d4       8%          1
 Ensorcelled Hibernation  Hex/Ice        18%        N/A       12%         2
 Lesser Beckoning         Tloc           18%        N/A       12%         2
 Mercury Vapours          Alch/Air       18%        N/A       12%         2
 Searing Ray              Conj           18%        2d5       12%         2
 Fugue of the Fallen      Necr           9%         N/A       24%         3
 Gell's Gravitas          Tloc           9%         N/A       24%         3
 Mephitic Cloud           Conj/Alch/Air  9%         N/A       24%         3
 Teleport Other           Tloc           9%         N/A       24%         3
 Anguish                  Hex/Necr       4%         N/A       61%         4
 Fulminant Prism          Conj/Alch      4%         3d5       61%         4
 Freezing Cloud           Conj/Ice/Air   4%         6-21      91%         5
 Chain Lightning          Conj/Air       4%         3d6       100%        9
 Fire Storm               Conj/Fire      4%         8d1       100%        9
 Shatter                  Erth           4%         3d8*      100%        9


Dungeon Overview and Level Annotations

Branches:
Dungeon (11/15)            Temple (1/1) D:6           Sewer (visited)
   Lair: D:8-11         Orc: D:9-12

Altars:
Ashenzari
Cheibriados
Dithmenos
Elyvilon
Fedhas
Gozag
Hepliaklqana
Kikubaaqudgha
Makhleb
Nemelex Xobeh
Okawaru
Qazlal
Ru
Sif Muna
Trog
Uskayaw
Vehumet
Wu Jian
Xom
Yredelemnul
Zin
The Shining One

Shops:
D:2 (

Annotations:
D:11 Snorg


Innate Abilities, Weirdness & Mutations

You have a beak for a mouth.
You have claws for feet.
Your magical flight helps you evade attacks. (EV +4)
You can magically evade attacks while moving or waiting.


Message History

Press: ? - help, Shift-Dir - straight line, f - Snorg
Aim: Snorg (black smoke, severely wounded, berserk, ally target, 71% to hit)
The bolt of acid hits Snorg!
The acid corrodes Snorg!
Snorg is severely wounded.
Snorg barely misses you. Snorg claws you!!
* * * LOW HITPOINT WARNING * * *
Snorg completely misses you.
Your cerulean imp hits Snorg from afar with a +1 spear.
The orc closely misses your cerulean imp.
Unknown command.
Aiming: Corrosive Bolt
Press: ? - help, Shift-Dir - straight line, f/p - Snorg
Aim: Snorg (black smoke, severely wounded, berserk, covered in acid, ally target, 71% to hit)
The bolt of acid hits Snorg!
Snorg is almost dead.
Snorg closely misses you. Snorg barely misses you. Snorg claws you.
* * * LOW HITPOINT WARNING * * *
Your cerulean imp completely misses Snorg.
Snorg bites you.
* * * LOW HITPOINT WARNING * * *
Snorg barely misses you. Snorg misses you.
The orc barely misses your cerulean imp.
Aiming: Corrosive Bolt
Press: ? - help, Shift-Dir - straight line, f/p - Snorg
Aim: Snorg (almost dead, berserk, covered in acid, ally target, 71% to hit)
The bolt of acid misses Snorg.
Snorg misses you. Snorg closely misses you. Snorg claws you but does no damage.
Your cerulean imp hits Snorg from afar with a +1 spear.
The orc wizard hits your blazeheart golem with a +0 dagger.
The orc closely misses your cerulean imp.
Unknown command.
Aiming: Corrosive Bolt
Press: ? - help, Shift-Dir - straight line, f/p - Snorg
Aim: Snorg (almost dead, berserk, not watching you, covered in acid, ally target, 71% to hit)
The bolt of acid hits Snorg!
Snorg seems to be corroded for longer.
Snorg is almost dead.
Snorg bites you!
* * * LOW HITPOINT WARNING * * *
Snorg claws you!
You die...

. #.....# ..
#.....# ...
#.....# ....
#.....# .....
#.....#
......#.o...#
......o9.5..#
......#...oT#
..... #.###@#
.... #.# #.#
... +.. ..#
.. #.....# .
#.....#
#.....#
#.....#
#..##.#


You could see Snorg (berserk, corroded, ally target), 2 orc wizards, an orc, a
friendly blazeheart golem (summoned, paralysed) and a friendly cerulean imp
(summoned).

Vanquished Creatures
  A wyvern (D:9)
  A steam dragon (D:10)
  An ogre (D:4)
  3 centaurs
  A phantom (D:5)
  A bullfrog (D:7)
  A scorpion (D:4)
  A wight (D:9)
  Dowan (D:6)
  3 killer bees (D:10)
  A bombardier beetle (D:5)
  A jelly (D:5)
  4 orc priests
  4 hounds
  A sleepcap (D:7)
  5 iguanas
  A sickly merfolk siren (Sewer)
  A gnoll (D:7)
  6 adders
  A river rat (Sewer)
  3 shadow imps
  An ufetubus (D:4)
  3 dart slugs
  3 ribbon worms
  9 orcs
  9 endoplasms
  4 giant cockroaches
  7 hobgoblins
  4 quokkas
  6 ball pythons
  3 bats
  5 frilled lizards
  4 goblins
  13 kobolds
  18 rats
131 creatures vanquished.

Vanquished Creatures (collateral kills)
  Gastronok (D:9)
  A manticore (D:11)
  Maggie (D:7)
  2 kobold demonologists (D:6)
  A troll (D:9)
  Prince Ribbit (D:5)
  Sigmund (D:2)
  2 steam dragons
  Duvessa (D:6)
  2 ice beasts
  2 crocodiles (Sewer)
  2 orc warriors
  An ogre (D:4)
  A centaur (D:8)
  A phantom (D:5)
  A weeping skull (D:6)
  Blork the orc (D:5)
  2 bullfrogs
  A gnoll sergeant (D:6)
  2 scorpions
  2 wights (D:9)
  7 killer bees (D:10)
  A nameless horror (D:11)
  A howler monkey (D:6)
  Crazy Yiuf (D:3)
  6 orc priests
  A gnoll bouda (D:7)
  7 orc wizards
  A malarious merfolk avatar (Sewer)
  7 gnolls
  3 adders
  A river rat (Sewer)
  2 shadow imps (D:6)
  A white imp (D:6)
  An ufetubus (D:4)
  15 orcs
  A giant cockroach (Sewer)
  A goblin (D:2)
  A hobgoblin (D:2)
  A quokka (Sewer)
  A ball python (Sewer)
  3 frilled lizards (Sewer)
  4 rats (Sewer)
  A spectral orc (D:6)
97 creatures vanquished.

Vanquished Creatures (others)
  A goblin (D:4)
1 creature vanquished.

Grand Total: 229 creatures vanquished

Notes
Turn   | Place    | Note
-------+----------+-------------------------------------------
     0 | D:1      | mopl the Tengu Summoner began the quest for the Orb.
     0 | D:1      | Reached XP level 1. HP: 10/10 MP: 4/4
    84 | D:1      | Reached skill level 5 in Summonings
   132 | D:1      | Reached XP level 2. HP: 15/15 MP: 6/6
   135 | D:1      | Learned a level 2 spell: Call Imp
   774 | D:2      | Found Koucoir's Weapon Shop.
   783 | D:2      | Reached XP level 3. HP: 19/19 MP: 7/7
   787 | D:2      | Learned a level 3 spell: Call Canine Familiar
   905 | D:2      | Found an opulent altar of Gozag.
   990 | D:2      | Identified the +1 robe of Rais Redwoy {Dex+3}
  1040 | D:2      | Noticed Sigmund
  1065 | D:2      | Killed Sigmund
  1066 | D:2      | Reached skill level 6 in Summonings
  1066 | D:2      | Reached XP level 4. HP: 15/24 MP: 5/10
  1066 | D:2      | Reached XP level 5. HP: 18/28 MP: 5/11
  1596 | D:3      | Found a sacrificial altar of Ru.
  1884 | D:3      | Found a runed translucent door.
  1885 | D:3      | Noticed Crazy Yiuf
  1905 | D:3      | Killed Crazy Yiuf
  1906 | D:3      | Reached XP level 6. HP: 22/32 MP: 4/13
  1990 | D:4      | Reached skill level 7 in Summonings
  2048 | D:4      | Found an iron altar of Okawaru.
  2174 | D:4      | Learned a level 4 spell: Summon Blazeheart Golem
  2258 | D:4      | Reached skill level 5 in Spellcasting
  2258 | D:4      | Gained mutation: Your magical flight helps you evade
                  | attacks. (EV +4) [Tengu growth]
  2258 | D:4      | Reached XP level 7. HP: 32/36 MP: 5/15
  2337 | D:4      | Reached skill level 8 in Summonings
  2749 | D:5      | Entered Level 5 of the Dungeon
  2767 | D:5      | Reached skill level 1 in Polearms
  2816 | D:5      | Noticed Blork the orc
  2827 | D:5      | Killed Blork the orc
  2984 | D:5      | Reached XP level 8. HP: 28/41 MP: 13/17
  2989 | D:5      | Learned a level 4 spell: Summon Lightning Spire
  2999 | D:5      | Found a radiant altar of Vehumet.
  3029 | D:5      | Reached skill level 9 in Summonings
  3281 | D:5      | Noticed Prince Ribbit
  3309 | D:5      | Killed Prince Ribbit
  3624 | D:6      | Found a glowing drain.
  3629 | Sewer    | Entered a sewer
  3911 | Sewer    | Reached skill level 10 in Summonings
  3983 | Sewer    | Reached XP level 9. HP: 45/45 MP: 15/20
  4108 | D:6      | Identified the +7 mace of Ibloo {flame, Str+2}
  4146 | D:6      | Noticed a kobold demonologist
  4146 | D:6      | Noticed a kobold demonologist
  4150 | D:6      | Found a transporter.
  4166 | D:6      | Found a basalt altar of Yredelemnul.
  4240 | D:6      | Found a broken altar of Ashenzari.
  4288 | D:6      | Noticed Duvessa
  4288 | D:6      | Noticed Dowan
  4296 | D:6      | Killed Duvessa
  4301 | D:6      | Killed Dowan
  4322 | D:6      | Found a transporter.
  4456 | D:6      | Found a staircase to the Ecumenical Temple.
  4462 | Temple   | Entered the Ecumenical Temple
  4467 | Temple   | Became a worshipper of Sif Muna the Loreminder
  4819 | D:6      | Noticed an ice devil
  4893 | D:6      | Killed a kobold demonologist
  4894 | D:6      | Reached skill level 11 in Summonings
  4894 | D:6      | Reached skill level 1 in Invocations
  4908 | D:6      | Killed a kobold demonologist
  4917 | D:6      | Reached skill level 5 in Polearms
  4995 | D:7      | Found a blossoming altar of Fedhas.
  5213 | D:7      | Reached XP level 10. HP: 34/50 MP: 23/23
  5225 | D:7      | Noticed Maggie
  5302 | D:7      | Found a shadowy altar of Dithmenos.
  5302 | D:7      | Found a white marble altar of Elyvilon.
  5409 | D:7      | Killed Maggie
  5649 | D:7      | Found a hide-covered altar of Uskayaw.
  5753 | D:8      | Reached * piety under Sif Muna
  5903 | D:8      | Reached skill level 12 in Summonings
  6357 | D:9      | Reached skill level 1 in Fighting
  6357 | D:9      | Reached skill level 1 in Armour
  6358 | D:9      | Found an ancient bone altar of Kikubaaqudgha.
  6495 | D:9      | Found an ornate altar of the Wu Jian Council.
  6611 | D:9      | Noticed Gastronok
  6627 | D:9      | Killed Gastronok
  6675 | D:9      | Found a bloodstained altar of Trog.
  6784 | D:10     | Entered Level 10 of the Dungeon
  7086 | D:10     | Found a shimmering altar of Xom.
  7087 | D:10     | Found a hazy altar of Hepliaklqana.
  7087 | D:10     | Noticed a caustic shrike
  7088 | D:10     | Noticed a spectral ugly thing
  7088 | D:10     | Noticed a caustic shrike
  7137 | D:10     | Found a sparkling altar of Nemelex Xobeh.
  7166 | D:10     | Reached ** piety under Sif Muna
  7328 | D:10     | Reached XP level 11. HP: 56/58 MP: 25/25
  7721 | D:11     | Noticed a manticore
  7755 | D:11     | Killed a manticore
  7823 | D:11     | Noticed Snorg
  7843 | D:11     | Mangled by Snorg

Illustrated notes

Levels and vault maps discovered:
D:1:      onia_arrival_mini_spirals, layout_basic
D:2:      layout_rooms, serial_shops, nicolae_shop_hallway_stairs, basic_altar,
          uniq_sigmund
D:3:      layout_loops_ring, nicolae_ru_path_of_blood, minmay_joined_circles,
          uniq_crazy_yiuf_cottage
D:4:      layout_loops_ring, mainiacjoe_overflow_alcove_4
D:5:      layout_rooms, nicolae_vehumet_radiance, serial_curves, eino_curves_03,
          eino_curves_03, eino_curves_01, eino_curves_04, minmay_pentangle,
          uniq_blork_the_orc, uniq_prince_ribbit1
D:6:      gammafunk_wand_slinger, layout_gridville,
          yredelemnul_forgotten_temple_becter, evilmike_ruin_ashenzari,
          minmay_temple_entry_tees, mainiacjoe_sewer_entry_somewhere_in_here_1,
          uniq_duvessa
D:7:      layout_basic, mainiacjoe_overflow_catwalk_spiral, minitemple,
          nicolae_eternal_life, st_stairs_1, nicolae_titane, uniq_maggie
D:8:      layout_rooms
D:9:      layout_rooms, mainiacjoe_overflow_boulevard, trog_hazing_becter,
          nicolae_wu_jian_wuxing_cycle, uniq_gastronok
D:10:     layout_stronghold, regret_index_temple_of_mockery,
          mainiacjoe_overflow_brackets, abandoned_shop,
          hangedman_decor_peaks_small
D:11:     layout_stronghold, dpeg_lair_monsters, biasface_ghost_orc_armoury,
          uniq_snorg, uniq_erica, uniq_amaemon
Temple:   nicolae_temple_ecumenical_triangle

Skill      XL: |  1  2  3  4  5  6  7  8  9 10 |
---------------+-------------------------------+-----
Summonings     | 5 6 7 8 10 11 12 | 12.8
Spellcasting   | 3 4 5 7 8 9 |  9.5
Polearms       | 2 3 5 6 |  6.4
Invocations    | 1 3 |  3.4
Fighting       | 2 |  2.6
Armour         | 2 |  2.8
Dodging        | 3 |  3.8
Stealth        | |  2.0

Action                     |  1- 3 |  4- 6 |  7- 9 | 10-12 || total
---------------------------+-------+-------+-------+-------++-------
  Melee: Unarmed           |    19 |       |       |       ||    19
         Kick              |    21 |    22 |    88 |    56 ||   187
         Spear             |    58 |    84 |   365 |   246 ||   753
         Peck              |     7 |     8 |    65 |    39 ||   119
         Punch             |       |       |     6 |     7 ||    13
   Cast: Call Imp          |     1 |     7 |     7 |     6 ||    21
         Call Canine Famil |     1 |     4 |    18 |    16 ||    39
         Summon Small Mamm |       |     5 |     2 |     5 ||    12
         Summon Lightning  |       |       |    18 |    16 ||    34
         Summon Blazeheart |       |       |     1 |     3 ||     4
  Evoke: Wand              |       |       |    10 |     4 ||    14
   Stab: Sleeping          |     9 |     6 |    15 |     2 ||    32
         Distracted        |       |     1 |     8 |     4 ||    13
 Armour: Robe              |    25 |    30 |   103 |   131 ||   289
  Dodge: Dodged            |    43 |    34 |   183 |   262 ||   522
